 Dungeon Crawl Stone Soup version 0.31.0-12-g77e489cdc1 (webtiles) character file.

Game seed: 11723226814289569738

27134 spaghetti the Dancer (level 13, 0/98 HPs)
             Began as a Demonspawn Hunter on Feb 18, 2024.
             Was an Initiate of Uskayaw.
             Succumbed to a water moccasin's poison
             ... on level 2 of the Lair of Beasts.
             The game lasted 00:24:45 (15058 turns).

spaghetti the Dancer (Demonspawn Hunter)           Turns: 15058, Time: 00:24:46

Health: 0/98       AC: 35    Str: 18    XL:     13   Next: 2%
Magic:  5/24       EV:  7    Int: 13    God:    Uskayaw [......]
Gold:   731        SH:  4    Dex: 21    Spells: 12/12 levels left

rFire   + .          .
                       - Unarmed
rCold   . . .        (no shield)
rNeg    . . .        D - +15 Maxwell's patent armour {-Cast -Tele rElec Will+ rCorr}
rPois   .            j - +2 hat {Int+3}
rElec   +            H - +2 cloak
rCorr   +            (gloves unavailable)
SInv    .            x - +0 pair of boots
Will    +....        (no amulet) Stlth
                     f - +4 ring of slaying
HPRegen 0.36/turn    g - ring "Paetelal" {rCorr Str+6}
MPRegen 0.38/turn

%: no teleportation, no spellcasting, random rage (3%), guardian spirit
@: lethally poisoned (0 -> -15), hasted, very quick
A: claws 3, molten scales 1, magic shield, magic regeneration, condensation
shield, berserk 1, fire resistance 1, persistent drain
a: Renounce Religion


You were on level 2 of the Lair of Beasts.
You worshipped Uskayaw.
Uskayaw was pleased with you.
You visited 2 branches of the dungeon, and saw 14 of its levels.
You visited the Abyss 1 time.

You collected 786 gold pieces.
You spent 55 gold pieces at shops.

Inventory:

Hand Weapons
 a - a +0 arbalest
Missiles
 E - a throwing net (quivered)
Armour
 j - a +2 hat of intelligence (worn)
 x - a +0 pair of boots (worn)
 D - the +15 Maxwell's patent armour (worn) {-Cast -Tele rElec Will+ rCorr}
   (You found it on level 10 of the Dungeon)

   rElec:     It insulates you from electricity.
   Will+:     It increases your willpower.
   -Cast:     It prevents spellcasting.
   -Tele:     It prevents most forms of teleportation.
   rCorr:     It protects you from acid and corrosion.
 H - a +2 cloak (worn)
Jewellery
 f - a +4 ring of slaying (left claw)
 g - the ring "Paetelal" (right claw) {rCorr Str+6}
   (You acquired it on level 11 of the Dungeon)

   [ring of strength]

   Str+6:     It affects your strength (+6).
   rCorr:     It protects you from acid and corrosion.
 i - a ring of flight
 s - a +6 ring of intelligence
 u - a ring of see invisible
 v - a ring of positive energy
 F - a +6 ring of intelligence
Wands
 h - a wand of acid (5)
 k - a wand of roots (5)
 m - a wand of charming (9)
 n - a wand of flame (5)
 w - a wand of polymorph (20)
Scrolls
 c - a scroll of enchant weapon
 d - 5 scrolls of teleportation
 e - 3 scrolls of immolation
 p - a scroll of butterflies
 q - 3 scrolls of revelation
 r - 2 scrolls of poison
 t - a scroll of amnesia
 y - a scroll of vulnerability
Potions
 b - a potion of attraction
 z - a potion of brilliance


   Skills:
 + Level 8.2 Fighting
 - Level 9.0 Short Blades
 - Level 5.7 Ranged Weapons
 + Level 5.3 Armour
 + Level 3.4 Dodging
 + Level 8.0 Stealth
 + Level 7.1 Unarmed Combat
 + Level 15.5 Invocations


You had 12 spell levels left.
You didn't know any spells.
Your spell library contained the following spells:

 Spells                   Type           Power      Damage    Failure   Level
 Apportation              Tloc           0%         N/A       100%        1
 Magic Dart               Conj           0%         1d3       100%        1
 Blink                    Tloc           0%         N/A       100%        2
 Jinxbite                 Hex            0%         N/A       100%        2
 Lesser Beckoning         Tloc           0%         N/A       100%        2
 Mercury Vapours          Alch/Air       0%         N/A       100%        2
 Momentum Strike          Conj/Tloc      0%         3d8       100%        2
 Searing Ray              Conj           0%         2d4       100%        2
 Mephitic Cloud           Conj/Alch/Air  0%         N/A       100%        3
 Volatile Blastmotes      Fire/Tloc      0%         2d10      100%        3
 Fulminant Prism          Conj/Alch      0%         3d5       100%        4
 Iskenderun's Mystic Bla  Conj/Tloc      0%         2d3       100%        4
 Alistair's Intoxication  Alch           0%         N/A       100%        5
 Freezing Cloud           Conj/Ice/Air   0%         6-21      100%        5


Dungeon Overview and Level Annotations

Branches:
Dungeon (11/15)            Temple (0/1) D:5            Lair (3/5) D:11
    Orc (0/2) D:10
  Swamp: Lair:2-3    Shoals: Lair:2-3     Snake: Lair:2-3    Spider: Lair:2-3

Altars:
Ashenzari
Cheibriados
Dithmenos
Fedhas
Hepliaklqana
Nemelex Xobeh
Okawaru
Trog
Uskayaw
Vehumet
Wu Jian
Xom

Shops:
D:2 ?   D:8 *

Annotations:
D:3 2 transporters, 1 runed translucent door, Crazy Yiuf; Scrunko's ghost, amateur DsBe


Innate Abilities, Weirdness & Mutations

You have claws for hands.
You are partially covered in molten scales. (AC +2)
When hurt, damage is shared between your health and your magic reserves.
You regenerate magic rapidly.
A meltable shield of frost defends you. (SH +4)
You sometimes lose your temper in combat.
Your flesh is heat resistant. (rF+)
Your health recovers twice as slowly from being drained.


Message History

Unknown command.
You feel yourself speed up.
You feel very sick.
The boulder beetle curls into a ball and begins rolling!
The water moccasin bites you but does no damage.
Unknown command.
Unknown command.
You stomp with the beat, sending a shockwave through the revellers around you!
The water moccasin is moderately wounded.
You kill your butterfly!
Your butterfly disappears in a burst of colours!
You kill your butterfly!
Your butterfly disappears in a burst of colours!
You kill your butterfly!
Your butterfly disappears in a burst of colours!
You can no longer stomp with the beat.
You feel sick. The water moccasin bites you.
* * * LOW HITPOINT WARNING * * *
Unknown command.
Unknown command.
You are now empty-clawed.
The water moccasin bites you but does no damage.
The bullfrog barely misses your butterfly.
You closely miss the water moccasin.
The water moccasin is moderately wounded.
You feel sick.
The dream sheep shakes its wool and sparkles.
You feel drowsy...
You fall asleep.
You feel sick. The water moccasin bites you!
You wake up.
* * * LOW HITPOINT WARNING * * *
You are more poisoned.
The water moccasin poisons you!
The boulder beetle hits you but does no damage.
The boulder beetle stops rolling and uncurls.
The bullfrog barely misses you.
The boulder beetle curls into a ball and begins rolling!
The water moccasin barely misses you.
You mangle the water moccasin!!
The water moccasin is almost dead.
You die...

###.. #.#. ≈~~.... ...
#≈~~..# .. #≈~P..# .#
+.....# .# #~~...# .## ~~
##≈~...# ..###~~
#####~k~~b.# .......
≈~~≈≈°B@..b## ........
~~~~B~.SFb..#
............#~###Sk.##
............# ##...#
...........# #F.##
..>.......b## #SY#
...........P######.h## #
............##F##....##.###
........S.kB..F.SF..b..Y...


You could see 2 boulder beetles, a polar bear, a black mamba, a cane toad, a
rime drake, 2 water moccasins, a wyvern, a bullfrog and a dream sheep (ally
target).

Vanquished Creatures
  Gastronok (Lair:1)
  A tentacled starspawn (Abyss:2)
  A draconian shifter (Abyss:2)
  Harold (D:10)
  Erolcha (D:10)
  4 two-headed ogres
  A catoblepas (Lair:1)
  Amaemon (D:8)
  A glowing orange brain (Abyss:2)
  A deep elf pyromancer (D:10)
  A large abomination (Abyss:2)
  3 cyclopes
  A manticore (D:11)
  A shining eye (Abyss:2)
  An orange demon (D:8)
  2 cane toads (Lair:1)
  3 unseen horrors
  Maggie (D:7)
  3 komodo dragons
  A rime drake (Lair:1)
  A kobold demonologist (D:10)
  An ancient zyme (Abyss:2)
  3 trolls (D:11)
  A polar bear (Lair:1)
  2 tarantellas (Lair:3)
  6 blink frogs (Lair:1)
  Sigmund (D:5)
  2 shadows
  24 yaks
  Eustachio (D:5)
  3 basilisks
  7 wyverns
  5 humans (D:6)
  2 steam dragons
  An acid dragon (D:9)
  3 water moccasins
  Duvessa (D:5)
  A black bear (Lair:1)
  2 ice beasts
  6 orc warriors
  A sky beast (D:8)
  4 centaurs
  An ogre (D:4)
  3 kobold brigands
  7 bullfrogs
  2 scorpions
  6 wights
  Dowan (D:5)
  8 howler monkeys
  An electric eel (D:9)
  2 bombardier beetles
  2 hounds
  4 orc priests
  2 sleepcaps
  2 gnoll boudas
  Ijyb (D:3)
  2 iguanas
  12 orc wizards
  13 gnolls
  5 adders
  4 ufetubi
  A ribbon worm (D:5)
  4 dart slugs
  27 orcs
  6 ball pythons
  7 bats (D:2)
  11 endoplasms
  A giant cockroach (D:2)
  11 goblins
  9 hobgoblins
  8 jackals
  2 quokkas
  5 frilled lizards
  21 kobolds
  4 rats
  A spectral kobold (D:4)
  A starspawn tentacle (Abyss:2)
305 creatures vanquished.

Vanquished Creatures (others)
  3 starspawn tentacles (Abyss:2)
3 creatures vanquished.

Grand Total: 308 creatures vanquished

Notes
Turn   | Place    | Note
-------+----------+-------------------------------------------
     0 | D:1      | spaghetti the Demonspawn Hunter began the quest for the
                  | Orb.
     0 | D:1      | Reached XP level 1. HP: 16/16 MP: 1/1
    49 | D:1      | Gained mutation: You are partially covered in molten
                  | scales. (AC +2) [demonic ancestry]
    49 | D:1      | Reached XP level 2. HP: 18/22 MP: 2/2
   720 | D:2      | Gained mutation: You regenerate magic rapidly. [demonic
                  | ancestry]
   720 | D:2      | Reached XP level 3. HP: 27/27 MP: 3/3
   941 | D:2      | Found The Oracle's Delphic Readings.
   945 | D:2      | Bought a scroll of teleportation for 42 gold pieces
  1094 | D:2      | Reached skill level 5 in Ranged Weapons
  1106 | D:2      | Gained mutation: A meltable shield of frost defends you.
                  | (SH +4) [demonic ancestry]
  1106 | D:2      | Reached XP level 4. HP: 18/33 MP: 4/4
  1401 | D:3      | Noticed Ijyb
  1414 | D:3      | Killed Ijyb
  1551 | D:3      | Reached XP level 5. HP: 33/38 MP: 5/5
  1591 | D:3      | Found a broken altar of Ashenzari.
  1760 | D:3      | Reached skill level 1 in Short Blades
  1762 | D:3      | Found a sparkling altar of Nemelex Xobeh.
  1779 | D:3      | Found a transporter.
  1779 | D:3      | Found a transporter.
  1779 | D:3      | Noticed Scrunko's ghost (amateur DsBe)
  1876 | D:3      | Found a runed translucent door.
  1877 | D:3      | Noticed Crazy Yiuf
  2402 | D:4      | Found a hazy altar of Hepliaklqana.
  2462 | D:4      | Found a hide-covered altar of Uskayaw.
  2530 | D:4      | Became a worshipper of Uskayaw the Reveller
  2557 | D:4      | Noticed a water moccasin
  2560 | D:4      | Reached * piety under Uskayaw
  2561 | D:4      | Reached ** piety under Uskayaw
  2563 | D:4      | Killed a water moccasin
  2564 | D:4      | Reached skill level 2 in Invocations
  2564 | D:4      | Gained mutation: When hurt, damage is shared between your
                  | health and your magic reserves. [demonic ancestry]
  2564 | D:4      | Reached XP level 6. HP: 40/44 MP: 4/7
  2667 | D:4      | Reached skill level 3 in Invocations
  2766 | D:4      | Found an iron altar of Okawaru.
  2808 | D:4      | Found a radiant altar of Vehumet.
  2947 | D:5      | Entered Level 5 of the Dungeon
  2947 | D:5      | Noticed Eustachio
  2947 | D:5      | Found a snail-covered altar of Cheibriados.
  2971 | D:5      | Reached *** piety under Uskayaw
  2978 | D:5      | Reached **** piety under Uskayaw
  2990 | D:5      | Reached ***** piety under Uskayaw
  3000 | D:5      | Reached ****** piety under Uskayaw
  3005 | D:5      | Killed Eustachio
  3006 | D:5      | Reached skill level 4 in Invocations
  3006 | D:5      | Reached XP level 7. HP: 25/50 MP: 8/10
  3371 | D:5      | Noticed Sigmund
  3383 | D:5      | Killed Sigmund
  3384 | D:5      | Reached skill level 5 in Invocations
  3652 | D:5      | Found a staircase to the Ecumenical Temple.
  3710 | D:5      | Reached skill level 6 in Invocations
  3900 | D:5      | Noticed Duvessa
  3902 | D:5      | Noticed Dowan
  3917 | D:5      | Killed Duvessa
  3918 | D:5      | Reached skill level 5 in Short Blades
  3919 | D:5      | Killed Dowan
  3920 | D:5      | Reached XP level 8. HP: 27/56 MP: 7/13
  4190 | D:5      | Found a blossoming altar of Fedhas.
  4287 | D:5      | Reached skill level 7 in Invocations
  5191 | D:6      | Reached skill level 8 in Invocations
  5372 | D:6      | Reached skill level 9 in Invocations
  5525 | D:6      | Gained mutation: You have sharp fingernails. [demonic
                  | ancestry]
  5525 | D:6      | Reached XP level 9. HP: 25/61 MP: 7/16
  5541 | D:6      | Reached skill level 10 in Invocations
  6224 | D:7      | You fall into a shaft and drop 1 floor!
  6310 | D:8      | Found a shadowy altar of Dithmenos.
  6428 | D:7      | Noticed Maggie
  6454 | D:7      | Killed Maggie
  6501 | D:7      | Reached skill level 11 in Invocations
  6724 | D:7      | Found a shimmering altar of Xom.
  7006 | D:8      | Reached skill level 12 in Invocations
  7011 | D:8      | Gained mutation: You have very sharp fingernails. [demonic
                  | ancestry]
  7011 | D:8      | Reached XP level 10. HP: 32/67 MP: 11/19
  7249 | D:8      | Reached skill level 1 in Stealth
  7596 | D:8      | Gained mutation: You are somewhat resistant to further
                  | mutation. [potion of mutation]
  8011 | D:8      | Reached skill level 1 in Unarmed Combat
  8015 | D:8      | Noticed Amaemon
  8017 | D:8      | Noticed an orange demon
  8045 | D:8      | Killed Amaemon
  8046 | D:8      | Killed an orange demon
  8320 | D:8      | Found Vuhoh's CLEARANCE SALE!.
  8323 | D:8      | Bought a +0 helmet for 13 gold pieces
  8428 | D:9      | Found a bloodstained altar of Trog.
  8512 | D:9      | Noticed a cyclops
  8523 | D:9      | Killed a cyclops
  8597 | D:9      | Reached skill level 13 in Invocations
  9133 | D:9      | Noticed a two-headed ogre
  9151 | D:9      | Killed a two-headed ogre
  9862 | D:10     | Entered Level 10 of the Dungeon
  9915 | D:10     | Noticed a sixfirhy
  9926 | D:10     | Noticed a smoke demon
  9931 | D:10     | HP: 2/73 [sixfirhy[a kobold demonologist] (7)]
  9934 | D:10     | Reached XP level 11. HP: 3/78 MP: 0/21
 10163 | D:10     | Noticed an angel
 10185 | D:10     | Noticed a two-headed ogre
 10196 | D:10     | Killed a two-headed ogre
 10197 | D:10     | Reached skill level 5 in Fighting
 10341 | D:10     | Found the +15 Maxwell's patent armour {-Cast -Tele rElec
                  | Will+ rCorr}
 10393 | D:10     | Noticed Harold
 10407 | D:10     | Killed Harold
 10408 | D:10     | Reached skill level 5 in Stealth
 10654 | D:10     | Found a staircase to the Orcish Mines.
 10781 | D:10     | Noticed a two-headed ogre
 10798 | D:10     | Killed a two-headed ogre
 10799 | D:10     | Reached skill level 1 in Armour
 10910 | D:10     | Noticed a deep elf pyromancer
 10925 | D:10     | Killed a deep elf pyromancer
 11051 | D:10     | Noticed Erolcha
 11052 | D:10     | Found an ornate altar of the Wu Jian Council.
 11068 | Abyss:2  | Cast into level 2 of the Abyss (Erolcha)
 11172 | Abyss:2  | Reached skill level 5 in Unarmed Combat
 11172 | Abyss:2  | Reached skill level 14 in Invocations
 11258 | Abyss:2  | Noticed a glowing orange brain
 11268 | Abyss:2  | Killed a glowing orange brain
 11287 | Abyss:2  | Noticed a shining eye
 11302 | Abyss:2  | Killed a shining eye
 11317 | Abyss:2  | Noticed a purple draconian shifter
 11345 | Abyss:2  | Killed a purple draconian shifter
 11372 | Abyss:2  | Noticed a tentacled starspawn
 11384 | Abyss:2  | Noticed a tentacled starspawn
 11406 | Abyss:2  | Killed a tentacled starspawn
 11409 | D:10     | Escaped the Abyss
 11420 | D:10     | Killed Erolcha
 11679 | D:10     | Reached XP level 12. HP: 45/89 MP: 17/22
 12456 | D:11     | Noticed a two-headed ogre
 12479 | D:11     | Killed a two-headed ogre
 13154 | D:11     | Reached skill level 15 in Invocations
 13256 | D:11     | Found a staircase to the Lair.
 13269 | D:11     | Identified a scroll of acquirement
 13269 | D:11     | Acquired the ring "Paetelal" {rCorr Str+6}
 13576 | Lair:1   | Entered Level 1 of the Lair of Beasts
 13602 | Lair:1   | Noticed Gastronok
 13625 | Lair:1   | Killed Gastronok
 14193 | Lair:1   | Noticed a catoblepas
 14211 | Lair:1   | Killed a catoblepas
 14212 | Lair:1   | Reached skill level 5 in Armour
 14428 | Lair:1   | Lost mutation: You are somewhat resistant to further
                  | mutation. [potion of mutation]
 14428 | Lair:1   | Gained mutation: Your health recovers twice as slowly from
                  | being drained. [potion of mutation]
 14428 | Lair:1   | Gained mutation: You sometimes lose your temper in combat.
                  | [potion of mutation]
 14428 | Lair:1   | Gained mutation: Your flesh is heat resistant. (rF+)
                  | [potion of mutation]
 14883 | Lair:1   | Gained mutation: You have claws for hands. [demonic
                  | ancestry]
 14883 | Lair:1   | Reached XP level 13. HP: 70/98 MP: 18/24
 15057 | Lair:2   | HP: 3/98 [water moccasin (6)]
 15058 | Lair:2   | Succumbed to a water moccasin's poison

Illustrated notes

Levels and vault maps discovered:
D:1:      minmay_arrival_hallway, layout_loops_cross
D:2:      layout_loops_ring, hangedman_decor_push, nicolae_nh_oracle_at_delphi
D:3:      layout_loops_ring, mainiacjoe_overflow_tiny_flanked,
          nemelex_dance_club_becter, gammafunk_ghost_arena,
          uniq_crazy_yiuf_cottage, uniq_ijyb
D:4:      layout_rooms, nicolae_hepliaklqana_monster_ancestors,
          kennysheep_little_box, vehumet_crystals, mainiacjoe_overflow_paths,
          grunt_ministairs_1
D:5:      layout_basic, marbit_many_paths, slow_altar_1, amcnicky_altar_gilded,
          temple_fountains, minmay_misc_feat_room, minmay_crystal_water,
          minmay_puff, uniq_sigmund, uniq_duvessa, uniq_eustachio
D:6:      layout_loops_ring, minmay_misc_feat_encased, minmay_ruffians
D:7:      layout_rooms, overflow_temple_1_default, uniq_maggie
D:8:      layout_loops_corners, nicolae_dithmenos_shadow_blocks,
          serial_aquarium, aquarium_bridge_square [aquarium_subvault_wall,
          aquarium_subvault_bridge, aquarium_subvault_bridge,
          aquarium_subvault_window], aquarium_bridge_square
          [aquarium_subvault_window, aquarium_subvault_wall,
          aquarium_subvault_bridge, aquarium_subvault_wall],
          aquarium_window_fake, aquarium_window_2, aquarium_view_2b,
          nicolae_shop_clearance, uniq_amaemon
D:9:      layout_loops_cross, bloody_trog, serial_glass, glass_columns_b,
          glass_columns_b, glass_columns_a, glass_columns_b, glass_columns_a,
          glass_columns_a, glass_columns_b, glass_columns_a, lightli_minifort
D:10:     minmay_inner_zag, layout_gridville, mainiacjoe_overflow_alcove_4,
          zin_angel, david_orc_4, minmay_misc_feat_doors,
          dreamdust_deal_with_the_devil, guppyfry_early_elven_hall,
          uniq_erolcha, uniq_harold
D:11:     layout_basic, erik_lair_dragon
Lair:1:   layout_loops_ring, chequers_serial_rivers_small_b,
          chequers_serial_rivers_large_b, uniq_gastronok
Lair:2:   layout_small_grid, minmay_shoals_entry_hut,
          portal_ice_cave_entry_pillars_1, gammafunk_ghost_ooze,
          nicolae_quartered_pool_little
Lair:3:   lemuel_slime, layout_cave_pods, spider_nest_entry_rubble,
          serial_bayou_pond_e, lemuel_fruit_fields, grunt_megastairs_1

Skill      XL: |  1  2  3  4  5  6  7  8  9 10 11 12 |
---------------+-------------------------------------+-----
Ranged Weapons | 4 5 |  5.7
Short Blades   | 2 4 5 7 9 |  9.0
Invocations    | 2 4 6 9 12 13 14 15 | 15.5
Stealth        | 4 6 8 |  8.0
Unarmed Combat | 4 5 7 |  7.1
Fighting       | 4 6 8 |  8.2
Armour         | 3 5 |  5.3
Dodging        | 3 |  3.4

Action                     |  1- 3 |  4- 6 |  7- 9 | 10-12 | 13-15 || total
---------------------------+-------+-------+-------+-------+-------++-------
  Melee: Dagger            |       |    73 |   221 |   425 |       ||   719
         Punch             |       |     2 |     6 |    36 |     2 ||    46
         Unarmed           |       |       |       |   225 |     9 ||   234
   Fire: Shortbow          |   105 |    96 |   162 |   141 |       ||   504
         Arbalest          |       |       |       |    86 |     5 ||    91
  Throw: Throwing net      |       |       |       |     2 |     1 ||     3
 Invoke: Line Pass         |       |       |     2 |     3 |       ||     5
         Stomp             |       |       |       |     2 |     1 ||     3
  Evoke: Wand              |       |       |       |     4 |       ||     4
    Use: Scroll            |     3 |     1 |     6 |     3 |     2 ||    15
         Potion            |       |       |     5 |     7 |     4 ||    16
   Stab: Paralysed         |       |     7 |    15 |    36 |       ||    58
         Confused          |       |       |     3 |     2 |       ||     5
         Held in net/web   |       |       |       |     2 |       ||     2
 Armour: Leather armour    |    23 |    53 |   106 |    86 |       ||   268
         Acid dragon scale |       |       |       |    30 |       ||    30
         Plate armour      |       |       |       |   549 |    47 ||   596
  Dodge: Dodged            |    19 |    56 |   114 |   140 |    14 ||   343
  Block: Other             |       |    13 |    33 |    76 |     6 ||   128
